[Event "Titled Tuesday Blitz February 15 Early 2022"]
[White "Sargsyan, Anna M."]
[Black "Grineva, Marianna"]
[WhiteFideId "13308130"]
[BlackFideId "14102013"]
[WhiteElo "2271"]
[BlackElo "1954"]
[Result "1-0"]
[Round "01"]
[TimeControl "180+1"]
[Date "2022.02.15"]
[WhiteClock "0:00:08"]
[BlackClock "0:00:01"]

1. d4 d6 2. c4 g6 3. g3 Bg7 4. Bg2 Nf6 5. Nc3 O-O 6. Nf3 Nc6 7. O-O a6 8. Qd3 Rb8 9. e4 b5 10. cxb5 axb5 11. Nxb5 Ba6 12. a4 Nb4 13. Qc3 c5 14. Re1 Bxb5 15. axb5 Rxb5 16. Qc4 Qb8 17. e5 d5 18. Qe2 Ne4 19. Ng5 Nxg5 20. Bxg5 e6 21. Be7 cxd4 22. Bxf8 Bxf8 23. Red1 d3 24. Qf3 Qxe5 25. Bf1 Nc2 26. Ra7 Qg7 27. Qxd3 Rxb2 28. Rc7 Nb4 29. Qf3 Nc2 30. Qf4 Rb4 31. Qd2 Nd4 32. Bg2 Qe5 33. Rc8 Ra4 34. h4 Kg7 35. Re1 Qf6 36. Qe3 Bd6 37. Rb1 Ra2 38. Rb6 Ne2+ 39. Kh2 Be5 40. Qg5 Qxg5 41. hxg5 Nd4 42. f4 Nf3+ 43. Kh3 Ng1+ 44. Kg4 Bd4 45. Rbb8 1-0


[Site "https://www.chess.com"]

[Event "Titled Tuesday Blitz February 15 Early 2022"]
[White "Sarkar, Justin"]
[Black "Agibileg, Uurtsaikh"]
[WhiteFideId "2010011"]
[BlackFideId "4901606"]
[WhiteElo "2038"]
[BlackElo "2205"]
[Result "0-1"]
[Round "01"]
[TimeControl "180+1"]
[Date "2022.02.15"]
[WhiteClock "0:00:01"]
[BlackClock "0:01:18"]

1. e4 c5 2. Nf3 e6 3. d4 cxd4 4. Nxd4 Nc6 5. Nb5 d6 6. c4 Nf6 7. N5c3 Be7 8. Be2 O-O 9. O-O b6 10. Be3 Bb7 11. Nd2 a6 12. f4 Rc8 13. g4 Nd7 14. g5 Nc5 15. h4 Kh8 16. Rb1 f6 17. b4 Nd7 18. Bg4 f5 19. exf5 exf5 20. Bf3 b5 21. cxb5 axb5 22. Nxb5 d5 23. Bxd5 Nde5 24. Nc4 Nxc4 25. Bxc4 Nxb4 26. Qxd8 Rfxd8 27. Be6 Rc2 28. Nd4 Rg2+ 29. Kh1 Re2+ 30. Kg1 Rxe3 0-1


[Site "https://www.chess.com"]

[Event "Titled Tuesday Blitz February 15 Early 2022"]
[White "Selbes, Tarik"]
[Black "Van Foreest, Jorden"]
[WhiteFideId "6302513"]
[BlackFideId "1039784"]
[WhiteElo "2290"]
[BlackElo "2609"]
[Result "0-1"]
[Round "01"]
[TimeControl "180+1"]
[Date "2022.02.15"]
[WhiteClock "0:00:16"]
[BlackClock "0:00:15"]

1. Nf3 d5 2. g3 a5 3. Bg2 a4 4. O-O g6 5. d3 Bg7 6. Nbd2 a3 7. Rb1 axb2 8. Bxb2 Nf6 9. c4 c6 10. Qb3 O-O 11. cxd5 cxd5 12. Rfc1 Nc6 13. Ne5 Na5 14. Qb5 Be6 15. Ba1 Qd6 16. Qb6 Qxb6 17. Rxb6 Rfc8 18. Rbb1 Nc6 19. Nxc6 Rxc6 20. Nf3 Rxc1+ 21. Rxc1 Rxa2 22. Bd4 Rxe2 23. Rc7 Ng4 24. h3 Bxd4 25. Nxd4 Re1+ 26. Bf1 Ne5 27. Nxe6 fxe6 28. Kg2 Kf7 29. Rxb7 Rd1 30. Rb3 Rd2 31. Ra3 g5 32. Kg1 Nf3+ 33. Kg2 Ne1+ 34. Kg1 h5 35. Rb3 Kf6 36. Ra3 h4 37. gxh4 gxh4 38. Ra4 e5 39. Bg2 Nxg2 40. Kxg2 d4 41. Ra3 Kf5 42. Kf3 Rxd3+ 43. Rxd3 e4+ 44. Ke2 exd3+ 45. Kxd3 e5 46. f3 Kf4 47. Ke2 Kg3 0-1


[Site "https://www.chess.com"]

[Event "Titled Tuesday Blitz February 15 Early 2022"]
[White "Senthil Maran K"]
[Black "Shukhman, Anna"]
[WhiteFideId "25035681"]
[BlackFideId "54180058"]
[WhiteElo "2194"]
[BlackElo "1628"]
[Result "1/2-1/2"]
[Round "01"]
[TimeControl "180+1"]
[Date "2022.02.15"]
[WhiteClock "0:00:07"]
[BlackClock "0:00:10"]

1. g3 Nf6 2. Nf3 g6 3. Bg2 Bg7 4. O-O O-O 5. c4 d6 6. d4 c5 7. Nc3 Bg4 8. dxc5 dxc5 9. Ne5 Bc8 10. Qxd8 Rxd8 11. Nd3 Na6 12. Be3 Nd7 13. Rfd1 Re8 14. Na4 Rb8 15. Naxc5 Naxc5 16. Nxc5 Nxc5 17. Bxc5 Bxb2 18. Rab1 Bf6 19. Bxa7 Ra8 20. Bd4 Bxd4 21. Rxd4 Rxa2 22. e3 e5 23. Rd6 e4 24. Rd4 Bf5 25. h3 h5 26. g4 hxg4 27. hxg4 Bxg4 28. Bxe4 Re7 29. Rxb7 Ra1+ 30. Kg2 Rxb7 31. Bxb7 Be6 32. c5 Rc1 33. c6 Kf8 34. Kg3 Ke7 35. Kf4 f6 36. e4 Rc3 37. f3 g5+ 38. Kg3 g4 39. Ra4 Rxf3+ 40. Kg2 Rc3 41. Ra7 Rc2+ 42. Kg3 Rc3+ 43. Kf2 Rc2+ 44. Kg1 Rc1+ 45. Kg2 Rc2+ 46. Kf1 Rc1+ 47. Ke2 Kd6 48. Ra3 Rc2+ 49. Kf1 Rc1+ 50. Kg2 Rc2+ 51. Kg3 Rc4 52. Rd3+ Kc7 53. Re3 Bc8 54. Bxc8 Kxc8 55. Kxg4 Rxc6 56. Rd3 Kc7 57. Kf5 Rb6 58. Rd5 Rc6 59. Rd1 Rb6 60. Rh1 Rd6 61. Rh6 Kd8 62. Rxf6 Rd1 63. Rf7 Ra1 64. e5 Ra6 65. Rb7 Ke8 66. Rc7 Rb6 67. Ke4 Rb1 68. Kd5 Rd1+ 69. Ke6 Kf8 70. Rc8+ Kg7 71. Ke7 Ra1 72. e6 Ra7+ 73. Kd6 Ra6+ 74. Rc6 Ra8 75. Rc7+ Kf6 76. Rf7+ Kg6 77. Rf2 Ra6+ 78. Kd7 Ra7+ 79. Kd6 Ra6+ 80. Kd5 Ra5+ 81. Kc6 Ra6+ 82. Kd7 Ra7+ 83. Kd6 Ra6+ 1/2-1/2


[Site "https://www.chess.com"]

[Event "Titled Tuesday Blitz February 15 Early 2022"]
[White "Sharapov, Evgeny"]
[Black "Sadhwani, Raunak"]
[WhiteFideId "14103133"]
[BlackFideId "35093487"]
[WhiteElo "2367"]
[BlackElo "2616"]
[Result "1/2-1/2"]
[Round "01"]
[TimeControl "180+1"]
[Date "2022.02.15"]
[WhiteClock "0:00:04"]
[BlackClock "0:00:06"]

1. e4 e5 2. Nf3 Nc6 3. Nc3 d6 4. d4 exd4 5. Nxd4 Nf6 6. Bb5 Bd7 7. Nxc6 bxc6 8. Bc4 Be7 9. O-O O-O 10. Re1 Ng4 11. h3 Ne5 12. Bb3 Bh4 13. Rf1 a5 14. a4 Rb8 15. f4 Ng6 16. Qf3 Rb4 17. Bd2 Qb8 18. Be1 Bf6 19. Rd1 Re8 20. e5 Be7 21. exd6 cxd6 22. Kh1 d5 23. Nxd5 cxd5 24. Bxb4 Bxb4 25. Qxd5 Be6 26. Qb5 Qxb5 27. axb5 Bxb3 28. cxb3 Kf8 29. f5 Ne5 30. f6 gxf6 31. Rxf6 Kg7 32. Rf5 f6 33. g4 h6 34. Kg2 Rc8 35. Rd5 Rc2+ 36. Rf2 Rc7 37. b6 Rb7 38. Rb5 Nd7 39. Rc2 Rxb6 40. Rxb6 Nxb6 41. Rc6 Nd5 42. Kf3 Kg6 43. h4 Ne7 44. Rc7 h5 45. Rb7 Nc6 46. gxh5+ Kxh5 47. Rb6 Ne5+ 48. Ke4 Nd7 49. Rc6 Kg4 50. h5 f5+ 51. Kd5 Kxh5 52. Ke6 f4 53. Kxd7 f3 54. Rf6 Kg4 55. Ke6 Kg3 56. Kd5 f2 57. Ke4 Kg2 58. Rg6+ Kh2 59. Rf6 Kg1 60. Rg6+ Kf1 61. Kf3 Bc5 62. Re6 Bd4 63. Re4 Bxb2 64. Rh4 Ke1 65. Re4+ Kf1 66. Rh4 Kg1 67. Rg4+ Kf1 68. Rh4 1/2-1/2


[Site "https://www.chess.com"]

[Event "Titled Tuesday Blitz February 15 Early 2022"]
[White "Shevtchenko, Olesya"]
[Black "Khripachenko, Alexander"]
[WhiteFideId "24131890"]
[BlackFideId "54184975"]
[WhiteElo "2003"]
[BlackElo "2177"]
[Result "1-0"]
[Round "01"]
[TimeControl "180+1"]
[Date "2022.02.15"]
[WhiteClock "0:00:54"]
[BlackClock "0:00:09"]

1. e4 c5 2. Nf3 Nf6 3. e5 Nd5 4. g3 d6 5. d4 cxd4 6. Qxd4 Nb6 7. exd6 exd6 8. Bg2 Nc6 9. Qd1 Be7 10. O-O Bg4 11. a4 a5 12. Nc3 O-O 13. Nb5 d5 14. Bf4 Rc8 15. h3 Bh5 16. g4 Bg6 17. c3 Nc4 18. b3 Nb2 19. Qd2 Nd3 20. Bg3 Nc5 21. Nfd4 Bf6 22. Rad1 Nxd4 23. Nxd4 Qb6 24. Nb5 Rfd8 25. Bxd5 Be4 26. c4 Bxd5 27. cxd5 Nxb3 28. Qf4 h6 29. h4 Re8 30. Nd6 Nd4 31. Nxc8 Rxc8 32. Rfe1 Rc3 33. Re3 Qb3 34. Rxd4 Rxe3 35. Qxe3 Qb1+ 36. Kg2 1-0


[Site "https://www.chess.com"]

[Event "Titled Tuesday Blitz February 15 Early 2022"]
[White "Shuvalova, Polina"]
[Black "Mirzanurov, Bulat"]
[WhiteFideId "24171760"]
[BlackFideId "4184521"]
[WhiteElo "2355"]
[BlackElo "2116"]
[Result "1-0"]
[Round "01"]
[TimeControl "180+1"]
[Date "2022.02.15"]
[WhiteClock "0:02:27"]
[BlackClock "0:00:30"]

1. e4 c5 2. Nf3 d6 3. d4 cxd4 4. Nxd4 Nf6 5. Nc3 a6 6. g3 e5 7. Nb3 Be7 8. Bg5 O-O 9. Bxf6 Bxf6 10. a4 Be6 11. Be2 Nc6 12. O-O Qd7 13. Nd5 Bxd5 14. Qxd5 Ne7 15. Qd3 d5 16. exd5 Qxd5 17. Qxd5 Nxd5 18. Bf3 Nb4 19. c3 Nc6 20. Nc5 Rab8 21. Nd7 Rfd8 22. Bxc6 bxc6 23. Nxb8 Rxb8 24. Rfd1 Rxb2 25. Rab1 Rxb1 26. Rxb1 g6 27. Rb6 e4 28. Rxc6 Be5 29. c4 Bd4 1-0


[Site "https://www.chess.com"]

[Event "Titled Tuesday Blitz February 15 Early 2022"]
[White "Shvedova, Alexandra"]
[Black "Rostovtsev, Dmitry"]
[WhiteFideId "54154782"]
[BlackFideId "34278320"]
[WhiteElo "1920"]
[BlackElo "2218"]
[Result "0-1"]
[Round "01"]
[TimeControl "180+1"]
[Date "2022.02.15"]
[WhiteClock "0:00:08"]
[BlackClock "0:00:42"]

1. e4 c5 2. Ne2 Nc6 3. d4 cxd4 4. Nxd4 Nf6 5. Nc3 d6 6. Bg5 e6 7. Qd2 a6 8. O-O-O Bd7 9. f4 Be7 10. Nf3 b5 11. Bxf6 gxf6 12. f5 Qb6 13. Ne2 O-O-O 14. Ned4 Kb8 15. g3 Rc8 16. Kb1 Nxd4 17. Nxd4 Rc5 18. fxe6 fxe6 19. Bh3 Re5 20. Qf4 Qb7 21. Rhe1 Rc8 22. c3 b4 23. cxb4 Qxb4 24. Qd2 Qb6 25. Nb3 Bc6 26. Bg2 a5 27. Qd4 Qxd4 28. Nxd4 Bd7 29. Nf3 Rec5 30. Nd4 a4 31. Rc1 Rc4 32. Ne2 Bf8 33. Nc3 a3 34. Bf1 axb2 35. Kxb2 Rb4+ 36. Kc2 d5 37. exd5 exd5 38. Kd3 Bf5+ 39. Ke2 d4 40. Nd5 Rb2+ 41. Kf3 Rd8 42. Nxf6 Bh6 43. Rcd1 Rf8 44. Ne4 Be6+ 0-1


[Site "https://www.chess.com"]

[Event "Titled Tuesday Blitz February 15 Early 2022"]
[White "Shyaamnikhil P"]
[Black "Xie, Bryan"]
[WhiteFideId "5024218"]
[BlackFideId "30941296"]
[WhiteElo "2292"]
[BlackElo "1899"]
[Result "0-1"]
[Round "01"]
[TimeControl "180+1"]
[Date "2022.02.15"]
[WhiteClock "0:00:18"]
[BlackClock "0:00:02"]

1. d4 Nf6 2. Nf3 e6 3. e3 b6 4. Bd3 Bb7 5. Nbd2 Be7 6. e4 d6 7. Qe2 Nbd7 8. c3 c5 9. e5 dxe5 10. dxe5 Nd5 11. Nc4 b5 12. Nd6+ Bxd6 13. exd6 c4 14. Be4 Nc5 15. Bxd5 Bxd5 16. O-O Qxd6 17. Nd4 Qb8 18. Qg4 O-O 19. Bf4 Qb7 20. Bd6 Rfc8 21. Be5 f5 22. Qg3 Ne4 23. Qe3 a6 24. f3 Nc5 25. Qg5 Qf7 26. Rae1 Nd3 27. Re2 Nxe5 28. Rxe5 Qf6 29. Qe3 Re8 30. Re1 Kf7 31. Qf4 g5 32. Qg3 Rac8 33. Qh3 Kg7 34. Qg3 Kf7 35. a3 Rcd8 36. Qf2 Rc8 37. R1e2 f4 38. Qe1 h6 39. Qf2 Rcd8 40. h3 Rc8 41. Nc2 Rc6 42. Qa7+ Re7 43. Qd4 Rd6 44. Nb4 Red7 45. Qc5 a5 46. Nc2 h5 47. Nd4 g4 48. Rxh5 gxf3 49. Ree5 fxg2 50. Qc8 Qg6 51. Rhg5 Qb1+ 52. Kh2 Qh1# 0-1


[Site "https://www.chess.com"]

[Event "Titled Tuesday Blitz February 15 Early 2022"]
[White "Singh, Ojasva"]
[Black "Ceres, Dragos"]
[WhiteFideId "25681958"]
[BlackFideId "13905864"]
[WhiteElo "1741"]
[BlackElo "2072"]
[Result "0-1"]
[Round "01"]
[TimeControl "180+1"]
[Date "2022.02.15"]
[WhiteClock "0:00:04"]
[BlackClock "0:00:31"]

1. e4 e5 2. Nf3 Nc6 3. Bc4 Nf6 4. d3 h6 5. c3 d6 6. O-O g5 7. Nbd2 Bg7 8. Re1 g4 9. Nh4 Nxe4 10. dxe4 Qxh4 11. Nf1 O-O 12. Ng3 Ne7 13. Be3 Kh7 14. Qc2 Qf6 15. Rad1 Qg6 16. Bd3 h5 17. c4 b6 18. b4 h4 19. Nf1 f5 20. exf5 Bxf5 21. c5 bxc5 22. bxc5 d5 23. Bxf5 Rxf5 24. c6 Rf6 25. Qxg6+ Kxg6 26. Bc5 Nxc6 27. Rxd5 Bf8 28. Ne3 g3 29. hxg3 hxg3 30. fxg3 Re6 31. Nc4 e4 32. Bxf8 Rxf8 33. Ne3 Rd8 34. Rxd8 Nxd8 35. Rc1 Nc6 36. Rc5 Kf7 37. g4 Ke7 38. Nf5+ Kd7 39. Rc2 Ne5 40. Kf2 Nxg4+ 41. Kg3 Nf6 42. Kf4 Nd5+ 43. Kg5 e3 44. Rc5 c6 45. Rc1 e2 46. Re1 Nb4 47. Nd4 Re5+ 48. Kf4 Nd3+ 0-1


[Site "https://www.chess.com"]

[Event "Titled Tuesday Blitz February 15 Early 2022"]
[White "Sinitsina, Anastassia"]
[Black "Moskalenko, Alexander"]
[WhiteFideId "4504640"]
[BlackFideId "4155351"]
[WhiteElo "2144"]
[BlackElo "2515"]
[Result "1-0"]
[Round "01"]
[TimeControl "180+1"]
[Date "2022.02.15"]
[WhiteClock "0:00:41"]
[BlackClock "0:01:23"]

1. Nf3 c5 2. g3 b5 3. Bg2 Bb7 4. O-O Nf6 5. d3 d5 6. Nbd2 e6 7. e4 Be7 8. Re1 dxe4 9. Ng5 Nbd7 10. Ngxe4 Qb6 11. Qe2 O-O 12. c3 Rfd8 13. h4 Rac8 14. Nf1 a5 15. Nh2 b4 16. Bd2 Ba6 17. c4 Nxe4 18. Bxe4 Nf6 19. Bg2 Bb7 20. Bxb7 Qxb7 21. Bf4 Rd7 22. Rad1 Rcd8 23. Be5 a4 24. Rd2 Ne8 25. Red1 Bf6 26. Ng4 Bxe5 27. Nxe5 Rd6 28. Qe3 f6 29. Ng4 Rd4 30. Qxe6+ Qf7 31. Qe2 Nc7 32. Nh2 R4d6 33. Qe3 Ne6 34. Nf3 Nd4 35. Nxd4 Rxd4 36. Kg2 h5 37. Qf3 Qg6 38. Kh2 Kh7 39. Qc6 Qf5 40. Qxa4 Rxd3 41. Qc2 b3 42. axb3 Rxd2 43. Qxf5+ g6 44. Rxd2 Rxd2 45. Qxf6 1-0


[Site "https://www.chess.com"]

[Event "Titled Tuesday Blitz February 15 Early 2022"]
[White "Siva Mahadevan"]
[Black "Nurmanova, Alua"]
[WhiteFideId "25043153"]
[BlackFideId "13729390"]
[WhiteElo "2203"]
[BlackElo "1851"]
[Result "1-0"]
[Round "01"]
[TimeControl "180+1"]
[Date "2022.02.15"]
[WhiteClock "0:02:12"]
[BlackClock "0:00:41"]

1. e4 c6 2. d4 c5 3. e5 cxd4 4. Nf3 Nc6 5. c3 dxc3 6. Nxc3 a6 7. Bc4 e6 8. O-O d5 9. exd6 Bxd6 10. Ne4 Be7 11. Qe2 Nf6 12. Bf4 Nd4 13. Qd3 Nxf3+ 14. Qxf3 Nxe4 15. Qxe4 O-O 16. Rfd1 Qb6 17. Be5 Qc6 18. Qg4 f6 19. Bc3 b5 20. Bd3 Bb7 21. Rac1 Rac8 22. Bxf6 Rxf6 23. Rxc6 Bxc6 24. Rc1 1-0


[Site "https://www.chess.com"]

[Event "Titled Tuesday Blitz February 15 Early 2022"]
[White "Sjugirov, Sanan"]
[Black "Batsiashvili, Nino"]
[WhiteFideId "4189302"]
[BlackFideId "13602993"]
[WhiteElo "2602"]
[BlackElo "2230"]
[Result "1-0"]
[Round "01"]
[TimeControl "180+1"]
[Date "2022.02.15"]
[WhiteClock "0:01:29"]
[BlackClock "0:00:18"]

1. e4 e5 2. Nf3 Nc6 3. Bc4 Nf6 4. d3 Bc5 5. c3 a6 6. O-O Ba7 7. a4 d6 8. Bg5 h6 9. Bh4 g5 10. Bg3 Qe7 11. Nbd2 Rg8 12. b4 h5 13. h4 Ng4 14. b5 Nd8 15. d4 Rg7 16. Nxg5 f6 17. Ngf3 Ne6 18. Re1 exd4 19. Bxe6 Bxe6 20. Nxd4 Bxd4 21. cxd4 a5 22. Rc1 O-O-O 23. d5 Bg8 24. b6 Qe8 25. Nc4 Rdd7 26. bxc7 Rxc7 27. Nxd6+ 1-0


[Site "https://www.chess.com"]

[Event "Titled Tuesday Blitz February 15 Early 2022"]
[White "Skuhala, Barbara"]
[Black "Weetik, Vjacheslav"]
[WhiteFideId "14605465"]
[BlackFideId "4153472"]
[WhiteElo "2159"]
[BlackElo "2469"]
[Result "0-1"]
[Round "01"]
[TimeControl "180+1"]
[Date "2022.02.15"]
[WhiteClock "0:00:59"]
[BlackClock "0:00:05"]

1. e4 c6 2. d4 d5 3. f3 g6 4. Nc3 Bg7 5. Be3 Qb6 6. Qd2 Qxb2 7. Rb1 Qa3 8. e5 h5 9. Nge2 Nh6 10. Nc1 Nf5 11. Bf2 Bh6 12. f4 e6 13. Bd3 Nd7 14. Bxf5 exf5 15. O-O Nf8 16. Nb3 Ne6 17. g3 h4 18. Kg2 b6 19. Rfd1 g5 20. Ne2 Ba6 21. fxg5 Bxg5 22. Nf4 Bxf4 23. gxf4 Be2 24. Re1 Rg8+ 25. Kh3 Bg4+ 26. Kg2 Be2+ 27. Kh3 Rg4 28. Be3 Bf3 29. Qf2 Bg2+ 30. Qxg2 Rxg2 31. Kxg2 Qxa2 32. Rec1 Qa6 33. Re1 O-O-O 34. Kh1 Rg8 35. Rbc1 Qc4 36. Nd2 Qc3 37. Nf3 h3 38. Ra1 Qxc2 39. Bd2 Nxd4 40. Rac1 Qd3 41. Nxd4 Qxd4 42. Rxc6+ Kb7 43. Rc2 Qd3 0-1


[Site "https://www.chess.com"]

[Event "Titled Tuesday Blitz February 15 Early 2022"]
[White "Srihari L R"]
[Black "Kraus, Tomas"]
[WhiteFideId "46617116"]
[BlackFideId "331708"]
[WhiteElo "2121"]
[BlackElo "2389"]
[Result "1-0"]
[Round "01"]
[TimeControl "180+1"]
[Date "2022.02.15"]
[WhiteClock "0:00:20"]
[BlackClock "0:00:03"]

1. c4 e5 2. Nc3 Nf6 3. Nf3 Nc6 4. e3 Bb4 5. Qc2 O-O 6. a3 Be7 7. b4 d6 8. Bb2 Bg4 9. Be2 h6 10. Nd5 Nb8 11. Ng5 hxg5 12. Nxf6+ Bxf6 13. Bxg4 a5 14. O-O Nd7 15. d4 Qe7 16. Bxd7 Qxd7 17. dxe5 Bxe5 18. Bxe5 dxe5 19. Rad1 Qe6 20. Qe4 axb4 21. axb4 c6 22. c5 Rfd8 23. b5 Rd5 24. bxc6 bxc6 25. Rxd5 cxd5 26. Qb4 Rc8 27. Rc1 Qc6 28. h3 f6 29. Qa5 Rc7 30. Kh2 Rc8 31. Qa7 Rc7 32. Qb8+ Rc8 33. Qb3 Kh8 34. Qd3 Rc7 35. Qg6 Kg8 36. Qf5 Qd7 37. Qb1 Qc8 38. Qb6 Rc6 39. Qb5 Qc7 40. Ra1 Kh7 41. Qd3+ 1-0


[Site "https://www.chess.com"]

[Event "Titled Tuesday Blitz February 15 Early 2022"]
[White "Stankovic, Ivan G"]
[Black "Wong, Yinn Long"]
[WhiteFideId "902837"]
[BlackFideId "5707684"]
[WhiteElo "2195"]
[BlackElo "2055"]
[Result "0-1"]
[Round "01"]
[TimeControl "180+1"]
[Date "2022.02.15"]
[WhiteClock "0:00:02"]
[BlackClock "0:00:48"]

1. e4 c6 2. d3 d5 3. Nd2 e5 4. Ngf3 Bd6 5. h3 Nf6 6. g3 O-O 7. Bg2 Re8 8. O-O a5 9. c3 a4 10. Re1 Nbd7 11. Qc2 h6 12. Nf1 dxe4 13. dxe4 Nc5 14. Nh4 Qc7 15. Be3 b6 16. Rad1 Ba6 17. Bc1 Bf8 18. Nf5 Rad8 19. N1e3 Bd3 20. Rxd3 Nxd3 21. Rd1 Nxc1 22. Rxc1 g6 23. Nh4 a3 24. b3 Rd7 25. Qe2 Red8 26. Nf1 Rd3 27. Nf3 Bc5 28. Ne1 R3d7 29. Nc2 Kg7 30. b4 Bf8 31. Nxa3 Ra8 32. Nc4 Ne8 33. Qe3 c5 34. a3 f6 35. Qe2 Nd6 36. Nce3 Rxa3 37. Nd5 Qd8 38. Nfe3 h5 39. g4 h4 40. Qf3 Nf7 41. Nc4 Ra2 42. Ncxb6 Rb7 43. b5 Rxb6 44. Nxb6 Qxb6 45. c4 Ng5 46. Qd3 Qd6 47. Qxd6 Bxd6 48. Rd1 Nf7 49. Bf1 Kf8 50. Kg2 Ke7 51. Kf3 Ng5+ 52. Kg2 Ne6 53. Be2 Rxe2 0-1


[Site "https://www.chess.com"]

[Event "Titled Tuesday Blitz February 15 Early 2022"]
[White "Stefanov, Plamen"]
[Black "Osmak, Yuliia"]
[WhiteFideId "2900980"]
[BlackFideId "14101602"]
[WhiteElo "2137"]
[BlackElo "2302"]
[Result "0-1"]
[Round "01"]
[TimeControl "180+1"]
[Date "2022.02.15"]
[WhiteClock "0:00:07"]
[BlackClock "0:00:16"]

1. e4 c6 2. d4 d5 3. exd5 cxd5 4. c4 Nf6 5. Nc3 Nc6 6. Nf3 Be6 7. Bg5 g6 8. Bxf6 exf6 9. Be2 Bg7 10. O-O O-O 11. h3 f5 12. c5 f4 13. Qd2 g5 14. b4 a6 15. b5 axb5 16. Nxb5 Ne7 17. Nd6 Nf5 18. Nxb7 Qc7 19. Rfb1 Rfb8 20. Nd6 Rxb1+ 21. Rxb1 Nxd6 22. cxd6 Qxd6 23. Nxg5 Bf5 24. Bd3 Qg6 25. Qxf4 Bxd3 26. Rb8+ Rxb8 27. Qxb8+ Bf8 28. Nf3 Be4 29. Qf4 Bxf3 30. Qxf3 Qb1+ 31. Kh2 Bd6+ 32. g3 Qe4 33. Qc3 Qf5 34. Qb2 h5 35. a4 h4 36. a5 Qf3 37. Kg1 hxg3 38. fxg3 Qxg3+ 39. Qg2 Qxg2+ 40. Kxg2 Bb8 41. Kf3 Ba7 42. Ke3 Kg7 43. a6 Kg6 44. Kf4 Bxd4 45. h4 Ba7 46. Ke5 d4 47. Ke4 f5+ 48. Kf4 d3 49. Kf3 f4 50. Kxf4 d2 51. Kg4 d1=Q+ 0-1


[Site "https://www.chess.com"]

[Event "Titled Tuesday Blitz February 15 Early 2022"]
[White "Stromboli, Ettore"]
[Black "Dreev, Aleksey"]
[WhiteFideId "813761"]
[BlackFideId "4100107"]
[WhiteElo "2414"]
[BlackElo "2636"]
[Result "0-1"]
[Round "01"]
[TimeControl "180+1"]
[Date "2022.02.15"]
[WhiteClock "0:00:07"]
[BlackClock "0:00:41"]

1. e4 c5 2. Nf3 Nc6 3. d4 cxd4 4. Nxd4 Nf6 5. Nc3 d6 6. Bg5 Bd7 7. Be2 Qa5 8. Be3 Nxe4 9. O-O Nxc3 10. bxc3 g6 11. Rb1 Qc7 12. Nb5 Qb8 13. Bd4 e5 14. Be3 a6 15. Na3 d5 16. Bc1 Be6 17. c4 d4 18. Bf3 Qc7 19. c3 Rd8 20. Re1 Bc5 21. Bd5 Bxd5 22. cxd5 Rxd5 23. Qb3 Rd7 24. Bh6 Na5 25. Qa4 b5 26. Nxb5 axb5 27. Rxb5 Nb7 28. Qa8+ Nd8 29. Bg7 f6 30. Bxh8 Kf7 31. Qa6 Ne6 32. f4 d3+ 33. Kh1 d2 34. Rd1 e4 35. Qa4 e3 36. Qc4 Qxf4 37. Rxc5 Qxc4 38. Rxc4 e2 0-1


[Site "https://www.chess.com"]

[Event "Titled Tuesday Blitz February 15 Early 2022"]
[White "Svane, Rasmus"]
[Black "Vetokhin, Ilia"]
[WhiteFideId "4657101"]
[BlackFideId "24156078"]
[WhiteElo "2645"]
[BlackElo "1897"]
[Result "1-0"]
[Round "01"]
[TimeControl "180+1"]
[Date "2022.02.15"]
[WhiteClock "0:02:02"]
[BlackClock "0:00:21"]

1. Nf3 Nf6 2. g3 g6 3. Bg2 Bg7 4. O-O O-O 5. d4 d6 6. Re1 c5 7. dxc5 dxc5 8. c3 Nc6 9. Qxd8 Rxd8 10. Be3 c4 11. Na3 Na5 12. Rad1 Rxd1 13. Rxd1 Bg4 14. h3 Bxf3 15. Bxf3 Kf8 16. Nb5 a6 17. Nc7 Rc8 18. Bb6 Nc6 19. Bxc6 bxc6 20. Nxa6 Nd5 21. Bc5 Ra8 22. Nb4 Nxb4 23. Bxb4 Ke8 24. a3 1-0


[Site "https://www.chess.com"]

[Event "Titled Tuesday Blitz February 15 Early 2022"]
[White "Sviridov, Valery"]
[Black "Sokolovsky, Yahli"]
[WhiteFideId "4120680"]
[BlackFideId "2820242"]
[WhiteElo "2454"]
[BlackElo "1770"]
[Result "1-0"]
[Round "01"]
[TimeControl "180+1"]
[Date "2022.02.15"]
[WhiteClock "0:01:40"]
[BlackClock "0:00:06"]

1. Nf3 d5 2. g3 f5 3. Bg2 Nf6 4. O-O e6 5. d3 Bd6 6. Nbd2 Nc6 7. e4 fxe4 8. dxe4 d4 9. e5 Nxe5 10. Nxe5 Bxe5 11. Nc4 Bd6 12. Qxd4 O-O 13. Re1 e5 14. Nxe5 Bxe5 15. Qxe5 c6 16. Bf4 Qb6 17. Be3 Qa6 18. Qc3 Bg4 19. Bd4 Rf7 20. Bf1 b5 21. Bxf6 Rxf6 22. a4 Qb6 23. Qe3 Qxe3 24. Rxe3 Raf8 25. f4 Rd6 26. axb5 cxb5 27. Bxb5 Rd2 28. Bd3 Bf5 29. Re2 Rxe2 30. Bxe2 Bxc2 31. Rxa7 Rb8 32. Bc4+ Kh8 33. b3 h6 34. Ra2 Bd1 35. Rd2 Bf3 36. Kf2 Bh5 37. Rb2 Bg6 38. b4 Rb6 39. b5 Be8 40. Be2 Bd7 41. Rd2 Be6 42. Rc2 Bf5 43. Rc6 Rb7 44. b6 Be4 45. Re6 Bd5 46. Rd6 Be4 47. Bf3 Bxf3 48. Kxf3 Kg8 49. Ke4 Kf7 50. Kd5 Re7 51. Kc6 Re1 52. b7 Rb1 53. Rd8 1-0


[Site "https://www.chess.com"]

[Event "Titled Tuesday Blitz February 15 Early 2022"]
[White "Szpar, Milosz"]
[Black "Gracia Alvarez, Gerardo Antonio"]
[WhiteFideId "1184989"]
[BlackFideId "5109124"]
[WhiteElo "2447"]
[BlackElo "2139"]
[Result "1-0"]
[Round "01"]
[TimeControl "180+1"]
[Date "2022.02.15"]
[WhiteClock "0:00:04"]
[BlackClock "0:00:02"]

1. e4 c5 2. Nf3 Nc6 3. Bb5 d6 4. d4 cxd4 5. Qxd4 Bd7 6. Bxc6 Bxc6 7. Nc3 Nf6 8. Bg5 e6 9. O-O-O Be7 10. Qd3 O-O 11. Nd4 Bd7 12. f4 Qa5 13. Kb1 Rfd8 14. g4 Rac8 15. h4 Be8 16. f5 Rxc3 17. Qxc3 Qxc3 18. bxc3 e5 19. Bxf6 Bxf6 20. g5 Be7 21. f6 gxf6 22. Nf5 Bf8 23. gxf6 Bc6 24. Rhg1+ Kh8 25. Rg4 h5 26. Rg5 Kh7 27. Rxh5+ Kg6 28. Rg5+ Kxf6 29. Rf1 Ke6 30. Ng7+ Ke7 31. Rgf5 Bxg7 32. Rxf7+ Ke6 33. Rxg7 Bxe4 34. Rf2 Rh8 35. Rh2 Bf3 36. h5 Rh6 37. Rh3 e4 38. Kc1 Kf5 39. Kd2 Kf4 40. Rh4+ Ke5 41. Ke3 d5 42. Rg5+ Ke6 43. Rg6+ Rxg6 44. hxg6 Kf6 45. Rh7 Kxg6 46. Rxb7 Bd1 47. Rxa7 Bxc2 48. Ra5 Bb1 49. Rxd5 Bxa2 50. Rd6+ Kf5 51. Rd4 Bb1 52. Rb4 Bd3 53. Rd4 Ke5 54. c4 Bc2 55. c5 Ke6 56. c6 Ba4 57. Rxa4 Kd6 58. Rc4 Kc7 59. Kxe4 1-0


[Site "https://www.chess.com"]

[Event "Titled Tuesday Blitz February 15 Early 2022"]
[White "Tarhan, Adar"]
[Black "Dew, Brian"]
[WhiteFideId "34544712"]
[BlackFideId "6000495"]
[WhiteElo "1802"]
[BlackElo "2118"]
[Result "1-0"]
[Round "01"]
[TimeControl "180+1"]
[Date "2022.02.15"]
[WhiteClock "0:00:27"]
[BlackClock "0:00:26"]

1. e4 c6 2. d4 d5 3. Nc3 dxe4 4. Nxe4 Bf5 5. Ng3 Bg6 6. h4 h6 7. Nf3 Nd7 8. h5 Bh7 9. Bd3 Bxd3 10. Qxd3 e6 11. c3 Qc7 12. Bd2 Ngf6 13. O-O-O Bd6 14. Ne4 Nxe4 15. Qxe4 Nf6 16. Qe2 O-O-O 17. Kb1 c5 18. c4 cxd4 19. Nxd4 a6 20. Bc3 Kb8 21. Nb3 Ka8 22. Ba5 Qc6 23. Bxd8 Rxd8 24. c5 Be7 25. Rxd8+ Bxd8 26. f3 Bc7 27. a3 Qd5 28. Ka2 Nxh5 29. Rd1 Qc6 30. Qc4 Nf6 31. Nd4 Qe8 32. c6 b5 33. Qc5 Nd5 34. Re1 Bb6 35. Qxd5 Ka7 36. Qd7+ Qxd7 37. cxd7 Kb7 38. Rc1 1-0


[Site "https://www.chess.com"]